 Dungeon Crawl Stone Soup version 0.26-a0-1060-g086102a3f0 (webtiles) character file.

Game seed: 11297847347028611628

241889 vurker the Covert (level 19, -21/149 HPs)
             Began as a Gnoll Enchanter on Dec 12, 2020.
             Was a Priest of Cheibriados.
             Killed from afar by an ancient champion (30 damage)
             ... with a bolt of negative energy
             ... on level 2 of the Vaults on Dec 13, 2020.
             The game lasted 01:10:15 (34374 turns).

vurker the Covert (Gnoll Enchanter)                Turns: 34374, Time: 01:10:16

Health: -21/149    AC: 28    Str: 25    XL:     19   Next: 82%
Magic:  34/36      EV: 19    Int: 33    God:    Cheibriados [***...]
Gold:   2727       SH: 31    Dex: 28    Spells: 45/45 levels left

rFire    + . .     SeeInvis .   a - +3 broad axe (elec)
rCold    + + .     Faith    .   B - +11 tower shield "Saveg" {Str+4}
rNeg     . . .     Spirit   .   P - +4 plate armour {rC+}
rPois    .         Reflect  .   n - +0 helmet
rElec    .         Harm     .   H - scarf {rC+ rF+}
rCorr    .         Rampage  .   R - +1 pair of gloves {Str+3}
Will     ++...                  x - +0 pair of boots of Polish {Will+ Dex+3}
Stlth    ++........             i - amulet of regeneration
HPRegen  0.74/turn              C - +4 ring of evasion
MPRegen  0.25/turn              X - +4 ring of protection

@: drained, very slow
A: distributed training, fangs 1, strong nose
}: 1/15 runes: gossamer
a: Bend Time, Temporal Distortion, Renounce Religion


You were on level 2 of the Vaults.
You worshipped Cheibriados.
Cheibriados was most pleased with you.
You visited 7 branches of the dungeon, and saw 31 of its levels.

You collected 4299 gold pieces.
You spent 1572 gold pieces at shops.

Inventory:

Hand Weapons
 a - a +3 broad axe of electrocution (weapon)
   (You took it off a death knight on level 11 of the Dungeon)
 b - a +4 morningstar of freezing
   (You took it off a wight on level 9 of the Dungeon)
 I - a +1 broad axe of draining
   (You took it off a death knight on level 13 of the Dungeon)
 Q - a +0 broad axe of flaming
   (You bought it in a shop on level 2 of the Orcish Mines)
 U - a +0 demon trident of electrocution
   (You took it off Louise on level 15 of the Dungeon)
Armour
 n - a +0 helmet (worn)
   (You took it off Robin on level 3 of the Dungeon)
 x - the +0 pair of boots of Polish (worn) {Will+ Dex+3}
   (You acquired it on level 2 of the Orcish Mines)

   It affects your dexterity (+3).
   It affects your willpower, your defense against some magical effects.
 B - the +11 tower shield "Saveg" (worn) {Str+4}
   (You bought it in a shop on level 11 of the Dungeon)

   It affects your strength (+4).
 H - a scarf of resistance (worn)
   (You found it on level 10 of the Dungeon)
 P - a +4 plate armour of cold resistance (worn)
   (You took it off an orc warlord on level 2 of the Orcish Mines)
 R - a +1 pair of gloves of strength (worn)
   (You bought it in a shop on level 2 of the Orcish Mines)
 T - a +0 cloak of poison resistance
   (You bought it in a shop on level 2 of the Orcish Mines)
 V - a +1 plate armour of poison resistance
   (You took it off Louise on level 15 of the Dungeon)
Jewellery
 e - an uncursed ring of resist corrosion
   (You found it on level 7 of the Dungeon)
 i - an amulet of regeneration (around neck)
   (You found it on level 1 of the Dungeon)
 v - a +6 ring of intelligence
   (You found it on level 6 of the Dungeon)
 C - a +4 ring of evasion (left hand)
   (You found it on level 12 of the Dungeon)
 N - an uncursed ring of see invisible
   (You found it on level 5 of the Lair of Beasts)
 W - an uncursed ring of protection from cold
   (You found it on level 2 of the Spider Nest)
 X - a +4 ring of protection (right hand)
   (You found it on level 1 of the Spider Nest)
Wands
 c - a wand of disintegration (25)
   (You bought it in a shop on level 2 of the Orcish Mines)
 d - a wand of iceblast (15)
   (You found it on level 14 of the Dungeon)
 t - a wand of flame (9)
   (You found it on level 2 of the Spider Nest)
 u - a wand of paralysis (37)
   (You found it on level 1 of the Lair of Beasts)
 E - a wand of enslavement (12)
   (You took it off a wight on level 10 of the Dungeon)
 F - a wand of polymorph (19)
   (You found it on level 2 of the Lair of Beasts)
Scrolls
 f - 5 scrolls of enchant armour
 g - a scroll of summoning
 h - 4 scrolls of immolation
 j - 9 scrolls of teleportation
 p - 6 scrolls of fog
 r - 2 scrolls of fear
 y - 5 scrolls of magic mapping
 G - 11 scrolls of remove curse
 M - 6 scrolls of identify
 S - 6 scrolls of amnesia
Potions
 k - 5 potions of mutation
 l - 8 potions of flight
 m - 5 potions of cancellation
 q - 4 potions of magic
 s - a potion of heal wounds
 z - 4 potions of ambrosia
 A - 4 potions of lignification
 D - 5 potions of might
 K - 2 potions of curing
 L - 2 potions of invisibility
Miscellaneous
 o - a phantom mirror
   (You found it on level 1 of the Lair of Beasts)
 w - a phial of floods
   (You found it on level 6 of the Lair of Beasts)
 O - a condenser vane (inert)
   (You found it on level 6 of the Lair of Beasts)


   Skills:
 + Level 13.0(11.6) Fighting
 + Level 13.2(11.8) Short Blades
 + Level 13.0(11.6) Long Blades
 + Level 13.0(11.6) Axes
 + Level 13.0(11.6) Maces & Flails
 + Level 13.0(11.6) Polearms
 + Level 13.0(11.6) Staves
 + Level 13.0(11.6) Slings
 + Level 13.0(11.6) Bows
 + Level 13.0(11.6) Crossbows
 + Level 13.0(11.6) Throwing
 + Level 13.0(11.6) Armour
 + Level 13.6(12.2) Dodging
 + Level 14.1(12.6) Stealth
 + Level 13.0(11.6) Shields
 + Level 13.0(11.6) Unarmed Combat
 + Level 13.8(12.3) Spellcasting
 + Level 11.2(9.8) Conjurations
 + Level 12.3(10.9) Hexes
 + Level 11.2(9.8) Summonings
 + Level 11.2(9.8) Necromancy
 + Level 11.2(9.8) Translocations
 + Level 11.2(9.8) Transmutations
 + Level 11.2(9.8) Fire Magic
 + Level 11.2(9.8) Ice Magic
 + Level 11.2(9.8) Air Magic
 + Level 11.2(9.8) Earth Magic
 + Level 11.2(9.8) Poison Magic
 + Level 14.0(12.6) Invocations
 + Level 13.0(11.6) Evocations


You had 45 spell levels left.
You didn't know any spells.
Your spell library contained the following spells:

 Spells                   Type           Power        Failure   Level
 Beastly Appendage        Tmut           ######       1%          1
 Corona                   Hex            #######      1%          1
 Foxfire                  Conj/Fire      ####         1%          1
 Freeze                   Ice            ####         1%          1
 Sandblast                Erth           ######       1%          1
 Sting                    Tmut/Pois      ####         1%          1
 Slow                     Hex            #######.     1%          2
 Ensorcelled Hibernation  Hex/Ice        ######       2%          2
 Passwall                 Tmut/Erth      ######..     3%          2
 Wereblood                Tmut           ######..     3%          2
 Confusing Touch          Hex            #######.     4%          3
 Dazzling Flash           Conj/Hex       ######       4%          3
 Inner Flame              Hex/Fire       ######..     4%          3
 Portal Projectile        Hex/Tloc       ######       4%          3
 Tukima's Dance           Hex            #######.     4%          3
 Frozen Ramparts          Ice            ######       6%          3
 Gell's Gravitas          Tloc           ######....   6%          3
 Ignite Poison            Fire/Tmut/Pois ######..     6%          3
 Ozocubu's Armour         Ice            ######..     6%          3
 Spider Form              Tmut/Pois      ######....   6%          3
 Static Discharge         Conj/Air       ######..     6%          3
 Stone Arrow              Conj/Erth      ######       6%          3
 Cause Fear               Hex            #######...   13%         4
 Leda's Liquefaction      Hex/Erth       ######....   17%         4
 Hailstorm                Conj/Ice       ######..     21%         4
 Ice Form                 Ice/Tmut       ######..     21%         4
 Petrify                  Tmut/Erth      ######..     21%         4
 Summon Ice Beast         Ice/Summ       ######..     21%         4
 Blade Hands              Tmut           ######....   50%         5
 Fireball                 Conj/Fire      ######....   50%         5
 Lee's Rapid Deconstruct  Erth           ######....   50%         5
 Lightning Bolt           Conj/Air       ######....   50%         5
 Dispersal                Tloc           ######....   97%         6
 Starburst                Conj/Fire      ######....   97%         6
 Statue Form              Tmut/Erth      ######...    97%         6
 Orb of Destruction       Conj           ######....   100%        7
 Spellforged Servitor     Conj/Summ      ######....   100%        7
 Disjunction              Tloc           ######....   100%        8
 Ignition                 Fire           ######....   100%        8
 Shatter                  Erth           ######....   100%        9
 Tornado                  Air            ######....   100%        9


Dungeon Overview and Level Annotations

Branches:
Dungeon (15/15)            Temple (1/1) D:5            Lair (6/6) D:8
 Shoals (1/4) Lair:3       Spider (4/4) Lair:4        Slime (0/5) Lair:5
    Orc (2/2) D:9             Elf (0/3) Orc:2        Vaults (2/5) D:14
  Crypt (0/3) Vaults:2     Depths (0/5) D:15

Altars:
Ashenzari
Cheibriados
Dithmenos
Elyvilon
Fedhas
Gozag
Hepliaklqana
Kikubaaqudgha
Makhleb
Nemelex Xobeh
Okawaru
Qazlal
Ru
Sif Muna
Trog
Uskayaw
Vehumet
Wu Jian
Xom
Yredelemnul
Zin
The Shining One
Beogh
Jiyva

Shops:
D:8 *   D:11 [   Orc:2 ***   Vaults:1 [

Portals:
Trove: D:10 (give 7 scrolls of blinking)

Annotations:
D:3 3 runed translucent doors, vurker's ghost, amateur GnEn
D:5 2 transporters, PanSaczeczos's ghost, novice OgAM
D:11 exclusions: oklob plant and oklob sapling
Lair:4 exclusions: electric eel and 1 more exclusion
Spider:1 2 transporters
Orc:1 1 runed translucent door, Wukicigh's ghost, journeyman MiFi


Innate Abilities, Weirdness & Mutations

Your experience applies equally to all skills.
You have very sharp teeth.
Your uncanny sense of smell can sniff out nearby items.


Message History

The deep elf death mage is engulfed in blazing flames.
The soul eater is engulfed in blazing flames.
Aim: a fire dragon (flame, almost dead, chance to affect: 42%)
The fire dragon resists with some effort.
The fire dragon is engulfed in blazing flames.
The fire dragon breathes flames at you. The blast of flame hits you.
You resist.
* * * LOW HITPOINT WARNING * * *
The deep elf death mage is engulfed in blazing flames.
The deep elf death mage beckons forth a restless soul!
The soul eater draws from the surrounding life force!
* * * LOW HITPOINT WARNING * * *
The soul eater is healed.
You hit the fire dragon. Your bite misses the fire dragon.
The fire dragon is engulfed in blazing flames.
The fire dragon breathes flames at you. The blast of flame hits you!
You resist.
* * * LOW HITPOINT WARNING * * *
The deep elf death mage is engulfed in blazing flames.
The lost soul is engulfed in blazing flames.
The ancient champion is engulfed in blazing flames.
You hit the fire dragon.
Lightning courses through the fire dragon!
The lost soul assumes the form of the fire dragon and becomes anchored to this world!
Your bite misses the ghostly fire dragon.
The ghostly fire dragon is engulfed in blazing flames.
The ghostly fire dragon completely misses you.
The ghostly fire dragon claws you but does no damage.
The ghostly fire dragon closely misses you.
The ancient champion is engulfed in blazing flames.
The deep elf death mage is engulfed in blazing flames.
You kill the deep elf death mage!
Cheibriados appreciates the change of pace.
The soul eater is engulfed in blazing flames.
The ghostly fire dragon is engulfed in blazing flames.
The ghostly fire dragon bites you.
* * * LOW HITPOINT WARNING * * *
You block the ghostly fire dragon's attack. x2
The ancient champion is engulfed in blazing flames.
Aim: a ghostly fire dragon (flame, lightly damaged, chance to affect: 42%)
The ghostly fire dragon suddenly stops moving!
The ancient champion is engulfed in blazing flames.
The ghostly fire dragon is engulfed in blazing flames.
The helpless ghostly fire dragon fails to defend itself.
You slice the ghostly fire dragon!!
The ancient champion gestures at you while chanting.
The bolt of negative energy hits the ghostly fire dragon.
The ghostly fire dragon completely resists.
The bolt of negative energy hits you!!
You feel drained.
You die...

.......#....#
.......#....#
.......#....### ###
.......#....#.. ....
.......'....#.##....
.......#....#.#.....
.......#....#.§..#
.......#)[.§#z§§##.#
.......#)..@D§§§?.>.
.......#(..§#3§§##.#
########.{..#.§..#
#....#.#.....
#....#.##....
#....#.. ....
#....### ### #....#
#########....####


You could see a ghostly fire dragon (paralysed), an ancient champion (fast) and
a soul eater.

Vanquished Creatures
  Bai Suzhen (Spider:4)
  Arachne (Spider:4)
  Gastronok (Lair:2)
  Frances (Spider:1)
  A shadow dragon (Vaults:1)
  Donald (Spider:1)
  Roxanne (Spider:4)
  A sphinx (Vaults:1)
  Kirke (Lair:5)
  2 tengu reavers (Vaults:1)
  A vault warden (Vaults:1)
  A frost giant (Vaults:1)
  A nagaraja (Vaults:1)
  2 fire giants
  5 ghost moths
  Aizul (Shoals:1)
  An orc warlord (Orc:2)
  Louise (D:15)
  6 emperor scorpions
  3 ironheart preservers
  2 vampire knights (Vaults:1)
  A deep elf demonologist (Vaults:2)
  Nessos (Lair:4)
  A stone giant (Vaults:1)
  6 dire elephants (Lair:6)
  3 entropy weavers
  Azrael (Spider:1)
  3 spark wasps
  A deep elf death mage (Vaults:2)
  An ettin (Vaults:1)
  A fire dragon (D:15)
  A merfolk impaler (Shoals:1)
  Josephine (Orc:1)
  4 yaktaur captains (Vaults:1)
  Harold (D:7)
  8 vault guards (Vaults:1)
  6 hydras
  6 boulder beetles
  An ice dragon (Vaults:1)
  2 catoblepae
  An anaconda (Lair:6)
  2 death knights
  2 centaur warriors
  A merfolk aquamancer (Shoals:1)
  8 ogre magi
  31 two-headed ogres
  2 dancing weapons (D:14)
  Erica (Lair:1)
  12 death yaks
  A queen ant (Lair:2)
  A tengu warrior (D:15)
  Urug (D:11)
  5 deep elf knights
  An orc high priest (Orc:1)
  4 skeletal warriors (D:12)
  A fire crab (Lair:6)
  A sea snake (Shoals:1)
  A wizard (D:15)
  4 unseen horrors
  6 ironbrand convokers
  A deep elf archer (Vaults:1)
  4 harpies (Vaults:1)
  17 orb spiders
  10 orc knights
  4 orc sorcerers
  29 wolf spiders
  5 fauns (Shoals:1)
  11 ugly things
  5 manticores
  3 deep elf magi
  5 cyclopes
  19 elephants
  5 black mambas
  Joseph (D:7)
  2 molten gargoyles (Lair:2)
  3 vault sentinels (Vaults:1)
  6 torpor snails
  2 merfolk sirens (Shoals:1)
  A gargoyle (D:14)
  14 cane toads
  A yaktaur (shapeshifter) (D:15)
  8 komodo dragons
  10 yaktaurs
  An efreet (D:11)
  6 freezing wraiths
  18 demonic crawlers
  A tengu conjurer (D:15)
  34 jumping spiders
  3 polar bears
  3 hornets
  4 trolls
  3 meliai
  Grinder (D:4)
  8 merfolk (Shoals:1)
  6 slime creatures (D:14)
  3 wind drakes (Shoals:1)
  A snapping turtle (Shoals:1)
  28 blink frogs
  A meliai zombie (D:15)
  4 shadows
  A vampire (D:11)
  67 redbacks
  32 tarantellas
  4 wyverns
  8 basilisks
  3 water elementals (Shoals:1)
  Eustachio (D:4)
  4 hogs
  12 wraiths
  2 fire elementals (Spider:1)
  2 steam dragons (D:6)
  41 yaks
  6 soldier ants
  7 wargs
  13 water moccasins
  4 hell hounds (Spider:1)
  An acid dragon (D:11)
  Duvessa (D:4)
  A hornet zombie (D:11)
  33 orc warriors
  4 sky beasts
  5 black bears
  3 ice beasts
  3 phantoms
  5 necrophages
  8 boggarts (Vaults:2)
  19 wolves
  42 ogres
  7 centaurs
  3 big kobolds (D:11)
  19 bullfrogs
  Dowan (D:4)
  4 scorpions
  15 killer bees
  10 wights
  2 howler monkeys
  An electric eel (Lair:3)
  3 centaur zombies
  3 bullfrog zombies
  Crazy Yiuf (D:2)
  3 human zombies (D:13)
  7 hounds
  2 bullfrog skeletons
  20 orc priests
  2 jellies
  33 orc wizards
  8 centaur skeletons
  A human skeleton (D:13)
  6 iguanas
  Ijyb (D:5)
  7 hell rats (Lair:1)
  Natasha (thrice) (D:2)
  19 worker ants
  An ogre zombie (D:13)
  2 hound zombies
  A mummy (D:13)
  A worker ant zombie (D:5)
  Robin (D:3)
  11 adders
  3 shadow imps
  A white imp (D:6)
  2 ufetubi
  2 worms
  4 dart slugs
  4 leopard geckos
  95 orcs
  5 giant cockroaches
  18 goblins
  12 hobgoblins
  6 jackals
  5 quokkas
  4 ball pythons
  8 bats
  2 frilled lizards
  12 kobolds
  A leopard gecko skeleton (D:6)
  An orc skeleton (D:13)
  A quokka skeleton (D:6)
  A quokka zombie (D:5)
  7 rats
  A bush (Lair:6)
1186 creatures vanquished.

Vanquished Creatures (others)
  A two-headed ogre (D:11)
  An unseen horror (D:15)
  A deep elf archer (Vaults:2)
  A wizard (D:10)
  A wolf spider (Spider:4)
  A deep elf mage (Vaults:2)
  A cane toad (Lair:4)
  3 jumping spiders
  A tarantella (Spider:4)
  A redback (Spider:1)
  A bush (Lair:5)
  A fire vortex (Lair:2)
  31 fungi
  113 plants
158 creatures vanquished.

Grand Total: 1344 creatures vanquished

Notes
Turn   | Place    | Note
-------+----------+-------------------------------------------
     0 | D:1      | vurker the Gnoll Enchanter began the quest for the Orb.
     0 | D:1      | Reached XP level 1. HP: 13/13 MP: 6/6
   245 | D:1      | Reached XP level 2. HP: 19/19 MP: 7/7
   694 | D:2      | Reached XP level 3. HP: 24/25 MP: 9/9
   793 | D:2      | Reached skill level 5 in Spellcasting
  1010 | D:2      | Noticed Natasha
  1201 | D:2      | Found a shimmering altar of Xom.
  1205 | D:2      | Found a hide-covered altar of Uskayaw.
  1208 | D:2      | Reached skill level 1 in Invocations
  1209 | D:2      | Found a basalt altar of Yredelemnul.
  1211 | D:2      | Found a sparkling altar of Nemelex Xobeh.
  1211 | D:2      | Found a hazy altar of Hepliaklqana.
  1298 | D:2      | Reached skill level 1 in Fighting
  1298 | D:2      | Reached skill level 1 in Long Blades
  1298 | D:2      | Reached skill level 1 in Axes
  1298 | D:2      | Reached skill level 1 in Maces & Flails
  1298 | D:2      | Reached skill level 1 in Polearms
  1298 | D:2      | Reached skill level 1 in Staves
  1298 | D:2      | Reached skill level 1 in Slings
  1298 | D:2      | Reached skill level 1 in Bows
  1298 | D:2      | Reached skill level 1 in Crossbows
  1298 | D:2      | Reached skill level 1 in Throwing
  1298 | D:2      | Reached skill level 1 in Armour
  1298 | D:2      | Reached skill level 1 in Shields
  1298 | D:2      | Reached skill level 1 in Unarmed Combat
  1298 | D:2      | Reached skill level 1 in Evocations
  1298 | D:2      | Reached XP level 4. HP: 16/32 MP: 11/11
  1558 | D:2      | Found a runed translucent door.
  1559 | D:2      | Noticed Crazy Yiuf
  1566 | D:2      | Killed Crazy Yiuf
  1567 | D:2      | Reached skill level 1 in Conjurations
  1567 | D:2      | Reached skill level 1 in Summonings
  1567 | D:2      | Reached skill level 1 in Necromancy
  1567 | D:2      | Reached skill level 1 in Translocations
  1567 | D:2      | Reached skill level 1 in Transmutations
  1567 | D:2      | Reached skill level 1 in Fire Magic
  1567 | D:2      | Reached skill level 1 in Ice Magic
  1567 | D:2      | Reached skill level 1 in Air Magic
  1567 | D:2      | Reached skill level 1 in Earth Magic
  1567 | D:2      | Reached skill level 1 in Poison Magic
  1702 | D:2      | Killed Natasha
  1703 | D:2      | Reached XP level 5. HP: 26/37 MP: 12/12
  1815 | D:2      | Noticed Natasha
  1823 | D:2      | Killed Natasha
  1857 | D:2      | Found a shimmering altar of Xom.
  1860 | D:2      | Found a hide-covered altar of Uskayaw.
  1864 | D:2      | Found a basalt altar of Yredelemnul.
  1865 | D:2      | Found a sparkling altar of Nemelex Xobeh.
  1866 | D:2      | Found a hazy altar of Hepliaklqana.
  2187 | D:2      | Noticed Natasha
  2203 | D:2      | Killed Natasha
  2392 | D:3      | Reached XP level 6. HP: 44/44 MP: 13/13
  2423 | D:3      | Found a runed translucent gate.
  2423 | D:3      | Found a runed translucent gate.
  2424 | D:3      | Found a runed translucent gate.
  2424 | D:3      | Noticed vurker's ghost (amateur GnEn)
  2544 | D:3      | Found a bloodstained altar of Trog.
  2836 | D:3      | Noticed Robin
  2866 | D:3      | Killed Robin
  2867 | D:3      | Reached skill level 5 in Dodging
  3528 | D:4      | Reached XP level 7. HP: 27/50 MP: 15/15
  3573 | D:4      | Noticed Eustachio
  3594 | D:4      | Killed Eustachio
  3691 | D:4      | Noticed Duvessa
  3691 | D:4      | Noticed Dowan
  3724 | D:4      | Killed Duvessa
  3732 | D:4      | Killed Dowan
  3733 | D:4      | Reached XP level 8. HP: 30/57 MP: 16/16
  4100 | D:4      | Noticed Grinder
  4109 | D:4      | Paralysed by Grinder for 4 turns
  4134 | D:4      | Paralysed by Grinder for 2 turns
  4138 | D:4      | Killed Grinder
  4350 | D:4      | Found an ancient bone altar of Kikubaaqudgha.
  4350 | D:4      | Found a shimmering blue altar of Sif Muna.
  4352 | D:4      | Found a radiant altar of Vehumet.
  4356 | D:4      | Identified Sif Muna's Guide on Curses
  4472 | D:5      | Entered Level 5 of the Dungeon
  4504 | D:5      | Noticed a troll
  4505 | D:5      | Noticed PanSaczeczos's ghost (novice OgAM)
  4508 | D:5      | Found a transporter.
  4535 | D:5      | Found a transporter.
  4886 | D:5      | Noticed Ijyb
  4905 | D:5      | Killed Ijyb
  5256 | D:5      | Found a staircase to the Ecumenical Temple.
  5266 | Temple   | Entered the Ecumenical Temple
  5351 | Temple   | Became a worshipper of Cheibriados the Contemplative
  5428 | D:5      | Found a snail-covered altar of Cheibriados.
  5793 | D:6      | Found a white marble altar of Elyvilon.
  5847 | D:6      | Reached XP level 9. HP: 9/65 MP: 18/18
  6282 | D:6      | Reached skill level 5 in Short Blades
  6309 | D:6      | Reached * piety under Cheibriados
  6836 | D:7      | Noticed Joseph
  7016 | D:7      | Killed Joseph
  7017 | D:7      | Reached skill level 5 in Invocations
  7399 | D:7      | Reached XP level 10. HP: 73/73 MP: 20/20
  7460 | D:7      | Reached ** piety under Cheibriados
  7732 | D:7      | Found a glowing golden altar of the Shining One.
  7846 | D:7      | Noticed Harold
  7871 | D:7      | Killed Harold
  7872 | D:7      | Reached skill level 5 in Fighting
  7872 | D:7      | Reached skill level 5 in Long Blades
  7872 | D:7      | Reached skill level 5 in Axes
  7872 | D:7      | Reached skill level 5 in Maces & Flails
  7872 | D:7      | Reached skill level 5 in Polearms
  7872 | D:7      | Reached skill level 5 in Staves
  7872 | D:7      | Reached skill level 5 in Slings
  7872 | D:7      | Reached skill level 5 in Bows
  7872 | D:7      | Reached skill level 5 in Crossbows
  7872 | D:7      | Reached skill level 5 in Throwing
  7872 | D:7      | Reached skill level 5 in Armour
  7872 | D:7      | Reached skill level 5 in Shields
  7872 | D:7      | Reached skill level 5 in Unarmed Combat
  7872 | D:7      | Reached skill level 5 in Evocations
  8168 | D:7      | You fall into a shaft and drop 1 floor!
  8168 | D:8      | Found a staircase to the Lair.
  8170 | D:8      | Noticed a two-headed ogre
  8205 | D:8      | Killed a two-headed ogre
  8326 | D:8      | Reached *** piety under Cheibriados
  8334 | D:8      | Found an ornate altar of the Wu Jian Council.
  8735 | D:8      | Found Ter Pin's General Store.
  8773 | D:8      | Found a broken altar of Ashenzari.
  9277 | D:9      | Noticed a two-headed ogre
  9530 | D:9      | Paralysed by a hornet for 1 turns
  9535 | D:9      | Reached XP level 11. HP: 58/81 MP: 22/22
  9625 | D:9      | Found a staircase to the Orcish Mines.
  9636 | D:9      | Found a roughly hewn altar of Beogh.
  9648 | D:9      | Reached **** piety under Cheibriados
  9665 | D:9      | Reached skill level 5 in Conjurations
  9665 | D:9      | Reached skill level 5 in Summonings
  9665 | D:9      | Reached skill level 5 in Necromancy
  9665 | D:9      | Reached skill level 5 in Translocations
  9665 | D:9      | Reached skill level 5 in Transmutations
  9665 | D:9      | Reached skill level 5 in Fire Magic
  9665 | D:9      | Reached skill level 5 in Ice Magic
  9665 | D:9      | Reached skill level 5 in Air Magic
  9665 | D:9      | Reached skill level 5 in Earth Magic
  9665 | D:9      | Reached skill level 5 in Poison Magic
  9810 | D:9      | Killed a two-headed ogre
 10536 | D:10     | Entered Level 10 of the Dungeon
 10727 | D:10     | Found a portal to a secret trove of treasure.
 11257 | D:10     | Reached ***** piety under Cheibriados
 11755 | D:10     | Found a bloodstained altar of Trog.
 11757 | D:10     | Noticed a two-headed ogre
 11762 | D:10     | Noticed a wizard
 11765 | D:10     | Killed a wizard
 11776 | D:10     | Killed a two-headed ogre
 12675 | D:11     | Killed an unseen horror
 12697 | D:11     | Noticed a manticore
 12710 | D:11     | Killed a manticore
 12718 | D:11     | Noticed a death knight
 12870 | D:11     | Noticed a two-headed ogre
 12913 | D:11     | Reached XP level 12. HP: 52/88 MP: 24/24
 13077 | D:11     | Noticed a two-headed ogre
 13093 | D:11     | Killed a two-headed ogre
 13556 | D:11     | Found Wusmef's Antique Armour Boutique.
 13564 | D:11     | Bought a shimmering tower shield for 256 gold pieces
 13574 | D:11     | Identified the +11 tower shield "Saveg" {Str+4} (You bought
                  | it in a shop on level 11 of the Dungeon)
 13852 | D:11     | Killed a death knight
 14109 | Lair:1   | Entered Level 1 of the Lair of Beasts
 14767 | Lair:1   | Noticed Erica
 14789 | Lair:1   | Killed Erica
 15169 | Lair:2   | Noticed Gastronok
 15180 | Lair:2   | Killed Gastronok
 15181 | Lair:2   | Reached XP level 13. HP: 85/98 MP: 26/26
 15264 | Lair:2   | Reached skill level 10 in Stealth
 15615 | Lair:2   | Identified the Volume of Contamination and Attacks
 15844 | Lair:2   | Got a smoking flail
 15932 | Lair:2   | Identified the +3 flail "Pozoroisa" {pain, Will+ Int+5}
                  | (You found it on level 2 of the Lair of Beasts)
 16477 | Lair:3   | Found a staircase to the Shoals.
 17242 | Lair:4   | Reached skill level 10 in Spellcasting
 17336 | Lair:4   | Noticed Nessos
 17349 | Lair:4   | Killed Nessos
 17376 | Lair:4   | Reached XP level 14. HP: 39/106 MP: 28/28
 17504 | Lair:4   | Reached skill level 10 in Dodging
 17831 | Lair:4   | Reached ****** piety under Cheibriados
 18079 | Lair:4   | Found a hole to the Spider Nest.
 18418 | Lair:5   | Noticed Kirke
 18421 | Lair:5   | Noticed a sphinx
 18433 | Lair:5   | Paralysed by a sphinx for 4 turns
 18571 | Lair:5   | Killed Kirke
 18776 | Lair:5   | Reached skill level 10 in Invocations
 18931 | Lair:5   | Found a staircase to the Slime Pits.
 18932 | Lair:5   | Found a viscous altar of Jiyva.
 19340 | Lair:6   | Entered Level 6 of the Lair of Beasts
 19533 | Lair:6   | HP: 4/108 [fire crab] (14)]
 19837 | Lair:6   | Reached skill level 10 in Short Blades
 20018 | Lair:6   | Reached XP level 15. HP: 115/115 MP: 29/29
 20551 | Lair:6   | Reached skill level 10 in Hexes
 21249 | Lair:6   | Reached skill level 10 in Fighting
 21249 | Lair:6   | Reached skill level 10 in Long Blades
 21249 | Lair:6   | Reached skill level 10 in Axes
 21249 | Lair:6   | Reached skill level 10 in Maces & Flails
 21249 | Lair:6   | Reached skill level 10 in Polearms
 21249 | Lair:6   | Reached skill level 10 in Staves
 21249 | Lair:6   | Reached skill level 10 in Slings
 21249 | Lair:6   | Reached skill level 10 in Bows
 21249 | Lair:6   | Reached skill level 10 in Crossbows
 21249 | Lair:6   | Reached skill level 10 in Throwing
 21249 | Lair:6   | Reached skill level 10 in Armour
 21249 | Lair:6   | Reached skill level 10 in Shields
 21249 | Lair:6   | Reached skill level 10 in Unarmed Combat
 21249 | Lair:6   | Reached skill level 10 in Evocations
 21811 | Orc:1    | Entered Level 1 of the Orcish Mines
 21853 | Orc:1    | Paralysed by an orc sorcerer for 5 turns
 21984 | Orc:2    | Entered Level 2 of the Orcish Mines
 22026 | Orc:2    | Noticed an orc warlord
 22039 | Orc:2    | Killed an orc warlord
 22278 | Orc:2    | Paralysed by an orc sorcerer for 5 turns
 22469 | Orc:1    | You fall into a shaft and drop 1 floor!
 22490 | Orc:2    | Reached XP level 16. HP: 112/123 MP: 31/31
 22664 | Orc:1    | Found a roughly hewn altar of Beogh.
 22681 | Orc:1    | Found a runed translucent door.
 22681 | Orc:1    | Found a shimmering altar of Xom.
 22681 | Orc:1    | Noticed Wukicigh's ghost (journeyman MiFi)
 22682 | Orc:1    | Noticed Josephine
 22692 | Orc:1    | Killed Josephine
 22903 | Orc:1    | Found a roughly hewn altar of Beogh.
 23110 | Orc:2    | Found Bader's Assorted Antiques.
 23110 | Orc:2    | Found Xixuhah's General Store.
 23275 | Orc:2    | Found Fyebat's Jewellery Emporium.
 23275 | Orc:2    | Found Asitsy's General Store.
 23283 | Orc:2    | Bought a scroll labelled QIUHIN JIMPUL for 31 gold pieces
 23311 | Orc:2    | Found a staircase to the Elven Halls.
 23667 | Orc:2    | Bought a potion of ambrosia for 104 gold pieces
 23667 | Orc:2    | Bought a +0 broad axe for 52 gold pieces
 23667 | Orc:2    | Bought a +1 pair of gloves of strength for 214 gold pieces
 23667 | Orc:2    | Bought a wand of disintegration (20) for 312 gold pieces
 23667 | Orc:2    | Bought a scroll of fog for 26 gold pieces
 23679 | Orc:2    | Bought a scroll of summoning for 142 gold pieces
 23679 | Orc:2    | Bought a potion of might for 60 gold pieces
 23679 | Orc:2    | Bought a +0 cloak of poison resistance for 127 gold pieces
 23690 | Orc:2    | Bought a potion of invisibility for 248 gold pieces
 23690 | Orc:2    | Acquired the +0 pair of boots of Polish {Will+ Dex+3}
 23811 | D:12     | Noticed Urug
 23824 | D:11     | Killed Urug
 24401 | D:13     | Found an ancient bone altar of Kikubaaqudgha.
 24992 | D:14     | Found a gate to the Vaults.
 25125 | D:14     | Found a broken altar of Ashenzari.
 25272 | D:15     | Entered Level 15 of the Dungeon
 25294 | D:15     | Noticed Louise
 25302 | D:15     | Killed Louise
 25378 | D:15     | Found a staircase to the Depths.
 25745 | D:15     | Got a brightly glowing short sword
 25873 | D:15     | Got a dazzling flail
 26249 | Spider:1 | Entered Level 1 of the Spider Nest
 26281 | Spider:1 | Noticed Azrael
 26283 | Spider:1 | Reached XP level 17. HP: 128/131 MP: 33/33
 26286 | Spider:1 | Noticed Frances
 26292 | Spider:1 | Killed Azrael
 26298 | Spider:1 | Killed Frances
 26423 | Spider:1 | Got an ichor-stained whip
 26424 | Spider:1 | Identified the +6 short sword "With Two Names" {freeze, rF+
                  | Will+} (You found it on level 15 of the Dungeon)
 26426 | Spider:1 | Identified the +1 flail "Beed" {freeze, *Corrode rElec
                  | Will+ Dex+9} (You found it on level 15 of the Dungeon)
 26428 | Spider:1 | Identified the +3 whip "Saivu" {vorpal, *Noise +Blink Str+2
                  | Dex+2} (You found it on level 1 of the Spider Nest)
 26476 | Spider:1 | Found a transporter.
 27201 | Spider:1 | Noticed Donald
 27221 | Spider:1 | Killed Donald
 27312 | Spider:1 | Found a transporter.
 28093 | Spider:3 | Reached skill level 10 in Conjurations
 28093 | Spider:3 | Reached skill level 10 in Summonings
 28093 | Spider:3 | Reached skill level 10 in Necromancy
 28093 | Spider:3 | Reached skill level 10 in Translocations
 28093 | Spider:3 | Reached skill level 10 in Transmutations
 28093 | Spider:3 | Reached skill level 10 in Fire Magic
 28093 | Spider:3 | Reached skill level 10 in Ice Magic
 28093 | Spider:3 | Reached skill level 10 in Air Magic
 28093 | Spider:3 | Reached skill level 10 in Earth Magic
 28093 | Spider:3 | Reached skill level 10 in Poison Magic
 29027 | Spider:4 | Entered Level 4 of the Spider Nest
 29285 | Spider:4 | Noticed Bai Suzhen
 29314 | Spider:4 | Killed Bai Suzhen
 29315 | Spider:4 | Reached XP level 18. HP: 46/140 MP: 23/34
 29339 | Spider:4 | HP: 4/140 [jumping spider (10)]
 29510 | Spider:4 | Noticed Arachne
 29533 | Spider:4 | Killed Arachne
 29752 | Spider:4 | Identified Roxanne's Incunabulum of Clay
 29752 | Spider:4 | Noticed Roxanne
 30316 | Spider:4 | Killed Roxanne
 30555 | Spider:4 | Got a gossamer rune of Zot
 30752 | Lair:3   | Upgraded the game from 0.26-a0-1053-gaff5f71418 to
                  | 0.26-a0-1060-g086102a3f0
 30753 | Shoals:1 | Entered Level 1 of the Shoals
 31197 | Shoals:1 | Noticed Aizul
 31216 | Shoals:1 | Killed Aizul
 32032 | Vaults:1 | Entered Level 1 of the Vaults
 32090 | Vaults:1 | Found Jesacut's Antique Armour Shoppe.
 32345 | Vaults:1 | Reached XP level 19. HP: 147/147 MP: 36/36
 33106 | Vaults:1 | HP: 6/148 [something (19)]
 34353 | Vaults:2 | Found a staircase to the Crypt.
 34371 | Vaults:2 | HP: 7/149 [fire dragon/blast of flame (10)]
 34374 | Vaults:2 | Killed from afar by an ancient champion

Illustrated notes

Levels and vault maps discovered:
D:1:      onia_arrival_mini_spirals, layout_basic
D:2:      layout_loops_ring, minitemple, uniq_natasha, uniq_crazy_yiuf_cottage
D:3:      layout_loops_corners, ebering_ghost_rock_garden, trog_hazing_becter,
          uniq_robin
D:4:      layout_basic, grunt_temple_overflow_magic_moments, uniq_grinder,
          uniq_eustachio, uniq_duvessa
D:5:      layout_layer_cave, minmay_temple_entry_sparse_star,
          gammafunk_ghost_arena, minmay_misc_feat_four_crosses,
          chei_slow_surprise, uniq_ijyb
D:6:      kennysheep_steamy, layout_loops_ring, elyvilon_altar_1,
          grunt_ministairs_1
D:7:      layout_basic, overflow_temple_1_default, kennysheep_nondescript,
          eino_jars, uniq_harold, uniq_joseph
D:8:      layout_loops_ring, nicolae_overflow_hidden_temple,
          ashenzari_conservatory_becter, erik_lair_orcish_takeover,
          serial_shops, shop
D:9:      layout_irregular_city, minmay_orc_entry_temple_small
D:10:     layout_stronghold, trove_entry_hex_spiral, trog_wizard
D:11:     hangedman_cross_veins, layout_cave_pools, serial_shops, shop_coins,
          introduction_to_nature_2
D:12:     layout_cross, uniq_urug
D:13:     layout_roguey, lemuel_mausoleum_altar_kikubaaqudgha
D:14:     layout_cave_pools, erik_vaults_1, evilmike_ruin_ashenzari
D:15:     grunt_enter_depths_giant_problem, layout_rooms,
          minmay_misc_feat_tower, uniq_louise
Temple:   eino_temple_lava
Lair:1:   layout_gridlike, hangedman_lair_unloving_vines,
          infiniplex_staircase_pool_2, grunt_megastairs_4, uniq_erica
Lair:2:   layout_gridlike, wad_woods_antlair, uniq_gastronok
Lair:3:   layout_gridlike, minmay_shoals_entry_centaurs,
          chequers_serial_rivers_marsh, serial_bayou_shore_a, lemuel_fruit_tree
Lair:4:   layout_roguey, dummy_spider_entry, grunt_megastairs_3,
          infiniplex_staircase_pool, uniq_nessos
Lair:5:   layout_layer_cave, slime_altar_1, uniq_kirke
Lair:6:   due_jungle_book, layout_gridlike
Shoals:1: layout_shoals, uniq_aizul
Spider:1: gammafunk_its_a_trap, uniq_frances, uniq_azrael, uniq_donald
Spider:2: layout_spider_delve, worms_lemuel
Spider:3: layout_spider_delve, spiders_nest_the_unseen
Spider:4: grunt_spider_rune_circles, spiders_nest_hornet_nest, uniq_bai_suzhen,
          uniq_arachne, uniq_roxanne
Orc:1:    layout_caves, ebering_ghost_xom, basic_altar, kennysheep_orc_chapel,
          uniq_josephine
Orc:2:    st_orc_ogre_mass, layout_caves, minmay_orc_barracks
Vaults:1: nicolae_vaults_diagonal_hallway_6, st_greater_box_3, v_rooms_1,
          ontoclasm_vaults_gateway, vaults_room_door_hall,
          nicolae_vaults_mini_display_case, hangedman_vaults_maws, v_pattern_1,
          vaults_room_pool, nicolae_vaults_shelves_hall,
          grunt_vaults_hallway_short, v_misc_18, vaults_dpeg_diagonal,
          grunt_vaults_diagonal, layout_vaults_omnibox, serial_shops,
          nicolae_shop_trees
Vaults:2: hangedman_vaults_stitches, nicolae_vaults_theta, vaults_door_vault,
          hangedman_vaults_stretched_pinwheel, dpeg_vaults_monster_box,
          minmay_crypt_entry_simple_corners, layout_vaults_omnigrid, uniq_boris

Skill      XL: |  1  2  3  4  5  6  7  8  9 10 11 12 13 14 15 16 17 18 19 |
---------------+----------------------------------------------------------+-----
Spellcasting   | 5 6 7 8 9 10 11 12 13 | 13.8
Stealth        | 6 7 8 9 10 11 12 13 14 | 14.1
Invocations    | 1 2 3 4 5 6 7 8 9 10 11 12 13 14 | 14.0
Fighting       | 1 2 3 4 5 6 7 8 9 10 11 12 13 | 13.0
Long Blades    | 1 2 3 4 5 6 7 8 9 10 11 12 13 | 13.0
Axes           | 1 2 3 4 5 6 7 8 9 10 11 12 13 | 13.0
Maces & Flails | 1 2 3 4 5 6 7 8 9 10 11 12 13 | 13.0
Polearms       | 1 2 3 4 5 6 7 8 9 10 11 12 13 | 13.0
Staves         | 1 2 3 4 5 6 7 8 9 10 11 12 13 | 13.0
Slings         | 1 2 3 4 5 6 7 8 9 10 11 12 13 | 13.0
Bows           | 1 2 3 4 5 6 7 8 9 10 11 12 13 | 13.0
Crossbows      | 1 2 3 4 5 6 7 8 9 10 11 12 13 | 13.0
Throwing       | 1 2 3 4 5 6 7 8 9 10 11 12 13 | 13.0
Armour         | 1 2 3 4 5 6 7 8 9 10 11 12 13 | 13.0
Shields        | 1 2 3 4 5 6 7 8 9 10 11 12 13 | 13.0
Unarmed Combat | 1 2 3 4 5 6 7 8 9 10 11 12 13 | 13.0
Evocations     | 1 2 3 4 5 6 7 8 9 10 11 12 13 | 13.0
Conjurations   | 1 2 3 4 5 6 7 8 9 10 11 | 11.2
Summonings     | 1 2 3 4 5 6 7 8 9 10 11 | 11.2
Necromancy     | 1 2 3 4 5 6 7 8 9 10 11 | 11.2
Translocations | 1 2 3 4 5 6 7 8 9 10 11 | 11.2
Transmutations | 1 2 3 4 5 6 7 8 9 10 11 | 11.2
Fire Magic     | 1 2 3 4 5 6 7 8 9 10 11 | 11.2
Ice Magic      | 1 2 3 4 5 6 7 8 9 10 11 | 11.2
Air Magic      | 1 2 3 4 5 6 7 8 9 10 11 | 11.2
Earth Magic    | 1 2 3 4 5 6 7 8 9 10 11 | 11.2
Poison Magic   | 1 2 3 4 5 6 7 8 9 10 11 | 11.2
Short Blades   | 3 4 5 6 7 8 9 10 11 12 13 | 13.2
Dodging        | 5 6 7 8 9 10 11 12 13 | 13.6
Hexes          | 6 7 8 9 10 11 12 | 12.3

Action                   |  1- 3 |  4- 6 |  7- 9 | 10-12 | 13-15 | 16-18 | 19-21 || total
-------------------------+-------+-------+-------+-------+-------+-------+-------++-------
Melee: Dagger            |    85 |   192 |   446 |  1170 |       |       |       ||  1893
       Bite              |     6 |    19 |    56 |   272 |   188 |   307 |    70 ||   918
       Morningstar       |       |       |       |    14 |    71 |       |       ||    85
       Broad axe         |       |       |       |   129 |   715 |  1330 |   289 ||  2463
Invok: Slouch            |       |       |       |     6 |    13 |    15 |    11 ||    45
Evoke: Wand              |       |       |     7 |    28 |     9 |    23 |     4 ||    71
       Phial of floods   |       |       |       |       |     1 |       |       ||     1
       Condenser vane    |       |       |       |       |       |     1 |     1 ||     2
  Use: Scroll            |       |    11 |     7 |    13 |     5 |    14 |     2 ||    52
       Potion            |       |       |     2 |     6 |     3 |     3 |     1 ||    15
 Stab: Sleeping          |    13 |     5 |     7 |     6 |     6 |     9 |     1 ||    47
       Petrified         |       |       |       |       |     5 |       |       ||     5
       Paralysed         |       |       |       |       |     3 |     3 |     1 ||     7
       Distracted        |       |       |       |       |     3 |     2 |     1 ||     6
Armor: Robe              |    14 |     4 |       |       |       |       |       ||    18
       Scale mail        |       |    53 |   160 |       |       |       |       ||   213
       Ring mail         |       |       |     6 |    32 |       |       |       ||    38
       Chain mail        |       |       |       |   366 |   230 |       |       ||   596
       Plate armour      |       |       |       |       |    20 |   397 |    76 ||   493
Dodge: Dodged            |    54 |    60 |   130 |   443 |   346 |  1040 |   139 ||  2212
Block: Kite shield       |       |    30 |   179 |   529 |       |       |       ||   738
       Tower shield      |       |       |       |   191 |  1456 |  2729 |   525 ||  4901

Table legend: (Time is in decaauts)
 A = Elapsed time spent in this place.
 B = Non-inter-level travel time spent in this place.
 C = Inter-level travel time spent in this place.
 D = Time resting spent in this place.
 E = Time spent auto-exploring this place.
 F = Levels seen in this place.
 G = Mean time per level.
                   A        B        C        D        E       F      G
               +--------+--------+--------+--------+--------+-----+--------+
         Total |  48858 |  45118 |   3740 |   2017 |  32949 |  31 | 1576.1 |
       Dungeon |  20800 |  19041 |   1759 |    528 |  14130 |  15 | 1386.7 |
        Temple |     97 |     87 |     10 |      0 |     70 |   1 |   97.0 |
          Lair |  13005 |  11836 |   1169 |    449 |   9302 |   6 | 2167.5 |
        Shoals |   1618 |   1595 |     23 |      0 |   1244 |   1 | 1618.0 |
   Spider Nest |   6823 |   6297 |    526 |    675 |   3909 |   4 | 1705.8 |
  Orcish Mines |   3174 |   2958 |    216 |    154 |   2030 |   2 | 1587.0 |
        Vaults |   3340 |   3304 |     36 |    210 |   2262 |   2 | 1670.0 |
               +--------+--------+--------+--------+--------+-----+--------+

Top non-repeatable levels by time:
  Lair:6: 3733 daAuts
Vaults:1: 3052 daAuts
Spider:3: 2639 daAuts
    D:10: 2545 daAuts
    D:11: 2139 daAuts
  Lair:4: 1964 daAuts
  Lair:3: 1957 daAuts
     D:9: 1925 daAuts
  Lair:2: 1862 daAuts
   Orc:2: 1798 daAuts
  Lair:1: 1795 daAuts
  Lair:5: 1691 daAuts
Shoals:1: 1618 daAuts
     D:6: 1563 daAuts
     D:7: 1562 daAuts
